 Dungeon Crawl Stone Soup version 0.30-a0-939-gc8157cb160 (webtiles) character file.

Game seed: 10042201917373283518

5880 xian the Geomancer (level 10, -1/70 HPs)
             Began as a Green Draconian Earth Elementalist on Mar 25, 2023.
             Was an Initiate of Gozag.
             Slain by a vampire (7 damage)
             ... on level 9 of the Dungeon.
             The game lasted 00:35:43 (9584 turns).

xian the Geomancer (DrEE)                           Turns: 9584, Time: 00:35:43

Health: -1/70      AC:  9    Str: 16    XL:     10   Next: 52%
Magic:  1/23       EV:  8    Int: 27    God:    Gozag
Gold:   359        SH: 11    Dex: 11    Spells: 22/28 levels left

rFire   . . .      SeeInvis .    y - +4 flail "Grim" {drain, rC+ rCorr Str+6}
rCold   + . .      Faith    .    x - +0 tower shield
rNeg    . . .      Spirit   .    (body armour unavailable)
rPois   +          Reflect  .    (helmet restricted)
rElec   .          Rampage  .    r - scarf {repulsion}
rCorr   +                        s - +0 pair of gloves
Will    +....                    k - +0 pair of boots
Stlth   ++                       (no amulet)
HPRegen 0.31/turn                e - ring of willpower
MPRegen 0.18/turn                F - +6 ring of intelligence

@: about to teleport, very slightly contaminated, studying Stealth, repel
missiles
A: breathe noxious fumes, AC +7, unfitting armour, poison resistance,
cold-blooded
a: Breathe Noxious Fumes, Renounce Religion, Potion Petition, Call Merchant,
Bribe Branch


You were on level 9 of the Dungeon.
You worshipped Gozag.
Gozag was aware of your devotion.
You visited 1 branch of the dungeon, and saw 9 of its levels.
You also visited: Sewer.

You collected 1379 gold pieces.
You spent 296 gold pieces at shops.
You paid 724 gold pieces to Gozag.

Inventory:

Hand Weapons
 y - the +4 flail "Grim" (weapon) {drain, rC+ rCorr Str+6}
   (You bought it in a shop on level 3 of the Dungeon)

   Str:       It affects your strength (+6).
   rC:        It protects you from cold.
   rCorr:     It protects you from acid and corrosion.
Missiles
 B - a throwing net
Armour
 g - a +2 buckler
 k - a +0 pair of boots (worn)
 r - a scarf of repulsion (worn)
 s - a +0 pair of gloves (worn)
 x - a +0 tower shield (worn)
 K - a +0 cloak of preservation
Jewellery
 e - a ring of willpower (left hand)
 F - a +6 ring of intelligence (right hand)
Wands
 m - a wand of mindburst (17)
 A - a wand of iceblast (2)
 G - a wand of digging (1)
 L - a wand of charming (1)
Scrolls
 b - a scroll of silence
 c - 3 scrolls of enchant armour
 d - 2 scrolls of fear
 f - 2 scrolls of enchant weapon
 h - a scroll of magic mapping
 i - a scroll of amnesia
 j - a scroll of teleportation
 l - 2 scrolls of poison
 p - 2 scrolls of fog
 v - a scroll of summoning {unknown}
 w - a scroll of brand weapon {unknown}
 C - a scroll of vulnerability {unknown}
 I - a scroll of blinking
Potions
 a - a potion of magic
 n - a potion of resistance {unknown}
 o - 3 potions of flight
 q - 2 potions of haste
 t - 2 potions of mutation {unknown}
 u - a potion of brilliance {unknown}
 z - a potion of berserk rage {unknown}
 D - 3 potions of curing
 E - 2 potions of lignification {unknown}
 H - a potion of ambrosia {unknown}
 J - a potion of heal wounds


   Skills:
 + Level 0.9 Fighting
 + Level 0.7 Maces & Flails
 + Level 3.8 Dodging
 + Level 3.3 Stealth
 + Level 1.6 Shields
 + Level 9.8 Spellcasting
 + Level 1.6 Conjurations
 + Level 1.0 Transmutations
 + Level 11.0 Earth Magic


You had 22 spell levels left.
You knew the following spells:

 Your Spells              Type           Power      Damage    Failure   Level
a - Sandblast             Erth           100%       2d20      1%          1
b - Passwall              Tmut/Erth      37%        N/A       9%          2
c - Stone Arrow           Conj/Erth      94%        3d12      16%         3

Your spell library contained the following spells:

 Spells                   Type           Power      Damage    Failure   Level
 Beastly Appendage        Tmut           36%        N/A       41%         1
 Petrify                  Tmut/Erth      45%        N/A       50%         4
 Summon Small Mammal      Summ           52%        N/A       56%         1
 Wereblood                Tmut           18%        N/A       56%         2
 Leda's Liquefaction      Hex/Erth       21%        N/A       56%         4
 Scorch                   Fire           26%        2d6       71%         2
 Spider Form              Tmut/Pois      16%        N/A       86%         3
 Call Canine Familiar     Summ           13%        N/A       90%         3
 Portal Projectile        Hex/Tloc       26%        N/A       90%         3
 Summon Guardian Golem    Hex/Summ       13%        N/A       90%         3
 Flame Wave               Conj/Fire      17%        2d7       99%         4
 Summon Cactus Giant      Summ           6%         N/A       100%        6


Dungeon Overview and Level Annotations

Branches:
Dungeon (9/15)             Temple (0/1) D:5           Sewer (visited)
   Lair: D:8-11         Orc: D:9-12

Altars:
Cheibriados
Elyvilon
Gozag
Nemelex Xobeh
Vehumet

Shops:
D:3 (   D:5 [   D:7 *


Innate Abilities, Weirdness & Mutations

You can breathe blasts of noxious fumes.
Your lurid green scales are hard. (AC +7)
You cannot fit into any form of body armour.
Your system is resistant to poisons. (rPois)
You are cold-blooded and may be slowed by cold attacks.


Message History

You are too injured to fight recklessly!
You are too injured to fight recklessly!
Unknown command.
Casting: Sandblast (safe; 1% risk of failure)
Confirm with . or Enter, or press ? or * to list all spells.
You don't know that spell.
Casting: Sandblast (safe; 1% risk of failure)
Confirm with . or Enter, or press ? or * to list all spells.
Aiming: Stone Arrow (dangerous; 16% risk of failure)
Press: ? - help, Shift-Dir - straight line, f - yak, p - yak
Aim: a yak (85% to hit)
You miscast Stone Arrow.
You are very lightly contaminated with residual magic.
Nothing appears to happen.
The yak is no longer distracted by gold. x2
Something hits you.
* * * LOW HITPOINT WARNING * * *
You block something's attack.
As you read the scroll of teleportation, it crumbles to dust.
You feel strangely unstable.
The killer bee is no longer distracted by gold.
Something hits you.
* * * LOW HITPOINT WARNING * * *
Something bites you but does no damage.
You barely miss something.
Your tail-slap misses something.
Something hits you but does no damage. Something bites you!
* * * LOW HITPOINT WARNING * * *
Something draws strength from your injuries!
Casting: Stone Arrow (dangerous; 16% risk of failure)
Confirm with . or Enter, or press ? or * to list all spells.
Aiming: Stone Arrow (dangerous; 16% risk of failure)
Press: ? - help, Shift-Dir - straight line, p - yak The stone arrow hits the yak!!
The yak is heavily wounded.
Something hits you.
* * * LOW HITPOINT WARNING * * *
You block something's attack. Something hits you but does no damage.
Something bites you!
You die...
Your body crumbles into a pile of gold. #........YY# #......[... ........$ ....... ..Y..
YyY

#Y# #{# #@#
###.####### ##
#....[....# ##.
#.........# #..
#.........#
##.#
#.........#
##..#
##.###...##
#.... #..#
###.#######.###
#.##
#.........#


You could see 4 yaks and a killer bee.

Vanquished Creatures
  A two-headed ogre (D:8)
  Maurice (D:9)
  Joseph (D:8)
  Psyche (D:9)
  2 yaks (D:9)
  An acid dragon (D:8)
  4 water moccasins
  An orc warrior (D:7)
  Pargi (D:2)
  An ice beast (D:6)
  A black bear (D:5)
  An ogre (D:5)
  2 centaurs (D:7)
  6 phantoms
  2 kobold brigands (Sewer)
  5 bullfrogs
  A gnoll sergeant (D:9)
  A scorpion (D:4)
  9 wights (D:8)
  9 killer bees
  2 howler monkeys
  4 hounds
  3 orc priests
  Crazy Yiuf (D:5)
  2 jellies (D:8)
  Jessica (D:3)
  A centaur skeleton (D:5)
  2 iguanas
  2 sleepcaps
  2 scorpion zombies (D:5)
  6 orc wizards
  A hound skeleton (D:5)
  7 gnolls
  11 adders
  2 river rats (Sewer)
  A shadow imp (D:6)
  3 white imps
  3 worms
  3 dart slugs
  23 orcs
  4 bats
  3 endoplasms
  6 giant cockroaches
  8 goblins
  6 hobgoblins
  3 jackals (Sewer)
  11 kobolds
  4 quokkas
  9 ball pythons
  3 frilled lizards
  7 rats
195 creatures vanquished.

Vanquished Creatures (others)
  9 plants (Sewer)
  A withered plant (D:5)
10 creatures vanquished.

Grand Total: 205 creatures vanquished

Notes
Turn   | Place    | Note
-------+----------+-------------------------------------------
     0 | D:1      | xian the Draconian Earth Elementalist began the quest for
                  | the Orb.
     0 | D:1      | Reached XP level 1. HP: 14/14 MP: 3/3
   143 | D:1      | Reached XP level 2. HP: 20/20 MP: 0/5
   201 | D:1      | Learned a level 2 spell: Passwall
   787 | D:2      | Reached XP level 3. HP: 26/26 MP: 3/6
   791 | D:2      | Learned a level 3 spell: Stone Arrow
  1301 | D:2      | Reached XP level 4. HP: 33/33 MP: 6/8
  1336 | D:2      | Reached skill level 4 in Earth Magic
  1480 | D:3      | Noticed Jessica
  1487 | D:3      | Noticed Pargi
  1489 | D:3      | Killed Jessica
  1576 | D:2      | Killed Pargi
  1577 | D:2      | Reached XP level 5. HP: 18/38 MP: 4/10
  1959 | D:3      | Found Zaustruaw's Antique Weapon Emporium.
  2059 | D:3      | Found an opulent altar of Gozag.
  2105 | D:3      | Became a worshipper of Gozag Ym Sagoz the Greedy
  2188 | D:4      | Reached XP level 6. HP: 26/45 MP: 3/11
  2232 | D:4      | Reached skill level 5 in Earth Magic
  2246 | D:4      | HP: 2/45 [poisoned by an orc priest]
  3190 | D:5      | Entered Level 5 of the Dungeon
  3190 | D:5      | Found Oxuatz's Antique Armour Shoppe.
  3212 | D:5      | Found a staircase to the Ecumenical Temple.
  3307 | D:5      | Found a white marble altar of Elyvilon.
  3314 | D:5      | Your scales start taking on a lurid green colour.
  3314 | D:5      | Reached XP level 7. HP: 47/51 MP: 6/14
  3314 | D:5      | Gained mutation: Your system is resistant to poisons.
                  | (rPois) [Green Draconian growth]
  3478 | D:5      | Reached skill level 1 in Shields
  3478 | D:5      | Reached skill level 5 in Spellcasting
  3480 | D:5      | Reached skill level 6 in Earth Magic
  3551 | D:5      | Found a glowing drain.
  3565 | Sewer    | Entered a sewer
  3992 | Sewer    | Reached XP level 8. HP: 58/58 MP: 11/16
  4453 | D:5      | Found a runed translucent door.
  4454 | D:5      | Noticed Crazy Yiuf
  4504 | D:5      | Killed Crazy Yiuf
  4566 | D:5      | Reached skill level 7 in Earth Magic
  4965 | D:5      | Identified the +7 dagger of Kismet {elec, rPois Str+3}
  5179 | D:5      | Found a radiant altar of Vehumet.
  5576 | D:3      | Bought a smoking flail for 229 gold pieces
  5576 | D:3      | Identified the +4 flail "Grim" {drain, rC+ rCorr Str+6}
                  | (You bought it in a shop on level 3 of the Dungeon)
  6093 | D:6      | Reached skill level 8 in Earth Magic
  6125 | D:6      | Identified the +0 pair of gloves of the Albatross {rF- rC+
                  | rCorr SInv}
  6130 | D:6      | Reached skill level 1 in Conjurations
  6385 | D:6      | Found a sparkling altar of Nemelex Xobeh.
  6396 | D:6      | Reached XP level 9. HP: 63/63 MP: 18/20
  6664 | D:7      | Found a snail-covered altar of Cheibriados.
  7451 | D:7      | Found Vyrghac's Mass Market.
  7459 | D:7      | Bought a +0 tower shield for 67 gold pieces
  7477 | D:7      | Reached skill level 9 in Earth Magic
  7991 | D:8      | Noticed Joseph
  7997 | D:8      | Killed Joseph
  8120 | D:8      | Noticed a two-headed ogre
  8127 | D:8      | Killed a two-headed ogre
  8408 | D:8      | Reached skill level 10 in Earth Magic
  8546 | D:8      | Reached XP level 10. HP: 70/70 MP: 9/23
  9263 | D:9      | Noticed Maurice
  9269 | D:9      | Killed Maurice
  9564 | D:9      | Noticed Psyche
  9574 | D:9      | Killed Psyche
  9578 | D:9      | Reached skill level 11 in Earth Magic
  9584 | D:9      | Slain by a vampire

Illustrated notes

Levels and vault maps discovered:
D:1:      saegor_arrival_simple_c, layout_basic, minmay_heptomino_d4
D:2:      layout_rooms, chequers_mini_garden, minmay_split_cup_small
D:3:      layout_rooms, nicolae_gozag_seed_capital, serial_shops, shop,
          uniq_jessica, uniq_pargi
D:4:      layout_loops_ring
D:5:      layout_loops_corners, mainiacjoe_overflow_cross_hatched,
          lemuel_coloured_pillars_altar, minmay_temple_entry_statues_pillars,
          serial_undead, serial_undead_a, serial_undead_e, serial_undead_e,
          serial_undead_d, serial_shops, nicolae_shop_hallway_stairs,
          portal_sewer_entry_b, uniq_crazy_yiuf_cottage
D:6:      layout_basic, mainiacjoe_overflow_tiny_flanked
D:7:      layout_layer_cave, kennysheep_slug_shrine, minmay_shop_mass,
          grunt_ministairs_5, minmay_holes
D:8:      layout_loops_corners, minmay_manual_moon, uniq_joseph
D:9:      layout_rooms, uniq_psyche, uniq_maurice

Skill      XL: |  1  2  3  4  5  6  7  8  9 10 |
---------------+-------------------------------+-----
Stealth        | 2 3 |  3.3
Dodging        | 2 3 |  3.8
Earth Magic    | 4 5 6 8 10 11 | 11.0
Spellcasting   | 3 4 5 7 9 |  9.8
Shields        | 1 |  1.6
Conjurations   | 1 |  1.6
Fighting       | |  0.9
Maces & Flails | |  0.7
Transmutations | |  1.0

Action                     |  1- 3 |  4- 6 |  7- 9 | 10-12 || total
---------------------------+-------+-------+-------+-------++-------
  Melee: Unarmed           |     9 |       |       |       ||     9
         Tailslap          |     3 |       |     6 |     1 ||    10
         Dagger            |     3 |       |       |       ||     3
         Whip              |       |       |    23 |       ||    23
         Flail             |       |       |     1 |     3 ||     4
   Cast: Sandblast         |    48 |    87 |   157 |    48 ||   340
         Stone Arrow       |       |       |    12 |     6 ||    18
 Invoke: Potion Petition   |       |       |     1 |       ||     1
Ability: Breathe Noxious F |       |       |     1 |       ||     1
    Use: Potion            |       |     7 |       |       ||     7
         Scroll            |       |     8 |     3 |     1 ||    12
 Armour: Skin              |     9 |    34 |    28 |    11 ||    82
  Dodge: Dodged            |    13 |    52 |    58 |    13 ||   136
         Repelled          |       |       |       |     2 ||     2
  Block: Buckler           |       |     3 |    23 |     4 ||    30
         Tower shield      |       |       |       |     9 ||     9

Table legend: (Time is in decaauts)
 A = Elapsed time spent in this place.
 B = Non-inter-level travel time spent in this place.
 C = Inter-level travel time spent in this place.
 D = Time resting spent in this place.
 E = Time spent auto-exploring this place.
 F = Levels seen in this place.
 G = Mean time per level.
                   A        B        C        D        E       F      G
               +--------+--------+--------+--------+--------+-----+--------+
         Total |   9899 |   9521 |    378 |      0 |   8022 |  10 |  989.9 |
       Dungeon |   8920 |   8542 |    378 |      0 |   7277 |   9 |  991.1 |
         Sewer |    979 |    979 |      0 |      0 |    745 |   1 |  979.0 |
               +--------+--------+--------+--------+--------+-----+--------+

Top non-repeatable levels by time:
     D:5: 1613 daAuts
     D:7: 1372 daAuts
     D:8: 1232 daAuts
     D:4: 1017 daAuts
   Sewer: 979 daAuts
     D:6: 953 daAuts
     D:2: 873 daAuts
     D:1: 792 daAuts
     D:3: 620 daAuts
     D:9: 445 daAuts
